AoeStats
← Stahlzie

Arabia

510349417Analyzed
1v1 RM · 2d ago on Sep 30, 2026· 51m 50s· 2 players
Game mode
Random Map
Map size
Tiny (2 player)
Population
200
Speed
Normal
Resources
Standard
Victory
Conquest
Starting age
Dark Age
Ending age
Imperial Age
RankedLock teamsTeams togetherTeam positionsShared explorationLock speedFull tech treeHidden civsTurbo modeCheats
Victory
Defeat
🇬🇧 Huns · United Kingdom
1226
+17
🇺🇸 Romans · United States
1249
-17
ButtStuff
5:58 Loom
9:18 Feudal Age
10:37 Double-Bit Axe
16:52 Fletching
23:28 Castle Age
22:06 Horse Collar
22:44 Padded Archer Armor
22:59 Bloodlines
23:34 Scale Barding Armor
23:35 Crossbowman
24:31 Bodkin Arrow
28:13 Husbandry
35:19 Ballistics
36:25 Thumb Ring
38:19 Bow Saw
38:10 Heavy Plow
43:48 Imperial Age
43:54 Leather Archer Armor
43:51 Forging
46:01 Two-Man Saw
45:33 Bracer
45:58 Chain Barding Armor
48:13 Chemistry
48:33 Plate Barding Armor
48:37 Light Cavalry
48:38 Cavalier
49:44 Conscription
50:36 Atheism
51:29 Hussar
Stahlzie
10:28 Feudal Age
8:43 Loom
10:52 Fishing Lines
15:53 Horse Collar
17:12 Fletching
18:53 Padded Archer Armor
18:44 Double-Bit Axe
23:53 Castle Age
26:40 Wheelbarrow
26:18 Bloodlines
26:08 Husbandry
26:00 Man-at-Arms
32:30 Long Swordsman
33:11 Squires
35:01 Forging
34:56 Scale Barding Armor
34:54 Scale Mail Armor
37:25 Scale Barding Armor
39:13 Husbandry
40:07 Pikeman
44:00 Imperial Age
42:06 Bow Saw
44:31 Iron Casting
44:16 Chain Barding Armor
44:02 Capped Ram
46:24 Conscription
48:02 Blast Furnace
47:58 Plate Barding Armor
47:06 Light Cavalry
49:04 Cavalier
Connection lost

Rejoining the realm…

Still unreachable

The connection could not be restored.

Session expired

The server has moved on; the page needs a fresh start.